[Event "13th Agzamov Memorial 2019"]
[Site "Tashkent"]
[Date "2019.03.14"]
[Round "4.8"]
[White "Kotanjian, Tigran"]
[Black "Turaev, Hairilla"]
[Result "0-1"]
[ECO "D35"]
[WhiteElo "2482"]
[BlackElo "2316"]
[Annotator "ChessBase"]
[PlyCount "50"]
[EventDate "2019.03.12"]
[EventType "swiss"]
[EventCountry "UZB"]
[SourceTitle "playchess.com"]
[Source "ChessBase"]
[SourceQuality "1"]
[TimeControl "5400+30"]

1. d4 Nf6 2. c4 e6 3. Nc3 d5 4. cxd5 exd5 5. Bg5 Nbd7 6. e3 Be7 7. Nf3 c6 8. Bd3 Ne4 9. Bf4 f5 10. O-O O-O 11. Qc2 g5 12. Be5 g4 13. Ne1 Nxe5 14. dxe5 Bg5 15. Nd1 Bh6 16. f3 gxf3 17. gxf3 Kh8 18. fxe4 Rg8+ 19. Ng2 fxe4 20. Be2 Bh3 21. Rf2 Bxg2 22. Rxg2 Rxg2+ 23. Kxg2 Qg5+ 24. Kf1 Qh4 25. h3 Qg3 0-1

[Event "13th Agzamov Memorial 2019"]
[Site "Tashkent"]
[Date "2019.03.16"]
[Round "7.10"]
[White "Karimov, Alisher"]
[Black "Korneev, Oleg"]
[Result "0-1"]
[ECO "D10"]
[WhiteElo "2263"]
[BlackElo "2559"]
[Annotator "RC"]
[PlyCount "136"]
[EventDate "2019.03.12"]
[EventType "swiss"]
[EventCountry "UZB"]
[SourceTitle "playchess.com"]
[Source "ChessBase"]
[SourceQuality "1"]
[TimeControl "5400+30"]

1. d4 d5 2. c4 c6 3. Nc3 dxc4 4. a4 e5 5. Nf3 exd4 6. Qxd4 Qxd4 7. Nxd4 Bc5 8. Nf3 Na6 9. Bg5 h6 10. Bh4 Be6 11. O-O-O Ne7 12. e4 Nb4 13. Bg3 f6 14. Be2 O-O 15. Bd6 Na6 16. Bxe7 Bxe7 17. Nd2 Bb4 18. Nxc4 Bxc3 19. bxc3 Nc5 20. Rd6 Rfd8 21. Rhd1 Rxd6 22. Rxd6 Kf7 23. Kc2 Nxe4 24. Rd4 Nc5 25. Bg4 Bxg4 26. Rxg4 Rd8 27. a5 g5 28. Ne3 b5 29. h4 Nb7 30. h5 Nxa5 31. Re4 Nc4 32. Nxc4 bxc4 33. Rxc4 Rd6 34. Ra4 Rd7 35. Ra6 Rc7 36. Kd3 Ke6 37. Ke4 f5+ 38. Kd4 Kd6 39. c4 f4 40. f3 Rd7 41. c5+ Ke6+ 42. Ke4 Rc7 43. Ra2 Rb7 44. Ra4 a5 45. Rxa5 Rb4+ 46. Kd3 Kd5 47. Ra8 Rb3+ 48. Kc2 Re3 49. Rf8 Re2+ 50. Kd3 Rxg2 51. Rf6 Rf2 52. Rd6+ Kxc5 53. Rxh6 Rxf3+ 54. Ke4 Rg3 55. Rg6 f3 56. Rf6 Rh3 57. Rf5+ Kc4 58. Rxg5 f2 59. Rf5 Rxh5 60. Rxf2 Rh3 61. Ke5 c5 62. Rf1 Rd3 63. Rc1+ Kb4 64. Rb1+ Rb3 65. Rd1 c4 66. Ke4 Rb2 67. Rd8 Re2+ 68. Kf3 Re1 0-1

[Event "13th Agzamov Memorial 2019"]
[Site "Tashkent"]
[Date "2019.03.17"]
[Round "8.4"]
[White "Abdisalimov, Abdimalik"]
[Black "Kazakovskiy, Valeriy"]
[Result "0-1"]
[ECO "C26"]
[WhiteElo "2375"]
[BlackElo "2456"]
[Annotator "RC"]
[PlyCount "94"]
[EventDate "2019.03.12"]
[EventType "swiss"]
[EventCountry "UZB"]
[SourceTitle "playchess.com"]
[Source "ChessBase"]
[SourceQuality "1"]
[TimeControl "5400+30"]

1. e4 e5 2. Nc3 Nf6 3. g3 d5 4. exd5 Nxd5 5. Bg2 Nxc3 6. bxc3 Nc6 7. d3 Bc5 8. Nf3 O-O 9. O-O Qf6 10. Nd2 Qg6 11. Nb3 Bd6 12. Be3 Bg4 13. Qb1 Rfe8 14. Re1 Bf8 15. a4 Rad8 16. Bc5 b6 17. Bxf8 Kxf8 18. a5 Bd7 19. axb6 cxb6 20. Qb2 Kg8 21. c4 Qd6 22. Ra3 Qc7 23. Rea1 Rb8 24. Qc1 a5 25. c5 b5 26. Rxa5 Nxa5 27. Rxa5 Bc6 28. Qa1 Bxg2 29. Kxg2 Qc6+ 30. f3 Ra8 31. Qc3 Rxa5 32. Nxa5 Qd5 33. Qb4 Rc8 34. c6 Qa2 35. Qxb5 Qxc2+ 36. Kh3 Qa2 37. Nc4 Qa7 38. Qxe5 Qc7 39. Qf5 Qxc6 40. Ne5 Qh6+ 41. Kg4 Rf8 42. h4 Qd6 43. h5 g6 44. hxg6 hxg6 45. Qf4 Qe6+ 46. Kh4 Kg7 47. g4 f6 0-1

[Event "13th Agzamov Memorial 2019"]
[Site "Tashkent"]
[Date "2019.03.17"]
[Round "8.11"]
[White "Kasimov, Ali"]
[Black "Papin, Vasily"]
[Result "1/2-1/2"]
[ECO "B30"]
[WhiteElo "2167"]
[BlackElo "2496"]
[Annotator "ChessBase"]
[PlyCount "84"]
[EventDate "2019.03.12"]
[EventType "swiss"]
[EventCountry "UZB"]
[SourceTitle "playchess.com"]
[Source "ChessBase"]
[SourceQuality "1"]
[TimeControl "5400+30"]

1. e4 c5 2. Nf3 Nc6 3. Bb5 Na5 4. c3 a6 5. Ba4 e6 6. O-O b5 7. Bc2 Bb7 8. d4 cxd4 9. cxd4 Rc8 10. Nc3 Qc7 11. Bd3 Nf6 12. Re1 h6 13. a3 Be7 14. Re2 Qb8 15. Bd2 Nc4 16. Be1 g5 17. Bxc4 Rxc4 18. Ne5 Rc8 19. f3 d6 20. Nd3 g4 21. fxg4 Nxg4 22. h3 Nf6 23. d5 Rg8 24. Nf4 e5 25. Nd3 Rc4 26. Bf2 a5 27. Qe1 b4 28. axb4 axb4 29. Na4 Qc8 30. Kf1 Nxd5 31. b3 Rc2 32. exd5 Bxd5 33. g4 Rxg4 34. hxg4 Qxg4 35. Rxc2 Qh3+ 36. Ke2 Bg5 37. Nxb4 Qf3+ 38. Kf1 Qg2+ 39. Ke2 Qf3+ 40. Kf1 Qh1+ 41. Ke2 Qf3+ 42. Kf1 Qg2+ 1/2-1/2